 Dungeon Crawl Stone Soup version 0.31-a0-675-g238779eb0a (webtiles) character file.

Game seed: 147049252266527106

2300 qw the Skirmisher (level 9, -1/57 HPs)
             Began as a Gargoyle Hunter on Sept 5, 2023.
             Was a Follower of Okawaru.
             Shot with an arrow by a centaur (7 damage)
             ... on level 8 of the Dungeon.
             The game lasted 00:02:55 (6443 turns).

qw the Skirmisher (Gargoyle Hunter)                 Turns: 6443, Time: 00:02:55

Health: -1/57      AC: 17    Str: 14    XL:     9   Next: 40%
Magic:  12/12      EV: 11    Int: 11    God:    Okawaru [*.....]
Gold:   366        SH:  0    Dex: 17    Spells: 8/8 levels left

rFire   . . .        Y - +0 orcbow
rCold   . . .        (shield currently unavailable)
rNeg    + . .        h - +0 ring mail
rPois   inf          g - +1 helmet
rElec   +            (no cloak)
rCorr   +            d - +2 pair of gloves
SInv    .            (no boots)
Will    .....        (no amulet)
Stlth   +            b - ring of resist corrosion
HPRegen 0.29/turn    (no ring)
MPRegen 0.13/turn

%: no passive effects
@: no status effects
A: sickness immunity, AC +6, negative energy resistance 1, electricity
resistance, torment resistance 1, petrification resistance
a: Renounce Religion, Heroism


You were on level 8 of the Dungeon.
You worshipped Okawaru.
Okawaru was aware of your devotion.
You visited 1 branch of the dungeon, and saw 8 of its levels.

You collected 366 gold pieces.


Innate Abilities, Weirdness & Mutations

You are immune to sickness and miasma.
Your stone body is resilient. (AC +6)
You are immune to poison.
You resist negative energy. (rN+)
You are resistant to electric shocks. (rElec)
You are resistant to unholy torment.
You are immune to petrification.


   Skills:
 - Level 7.1 Fighting
 + Level 10.0 Ranged Weapons
 - Level 3.0 Armour
 - Level 2.0 Dodging
 - Level 1.1 Stealth
 - Level 4.3 Invocations


You had 8 spell levels left.
You didn't know any spells.
Your spell library was empty.

Inventory:

Hand Weapons
 Y - a +0 orcbow (weapon)
Armour
 d - a +2 pair of gloves (worn)
 g - a +1 helmet (worn)
 h - a +0 ring mail (worn)
 l - a +1 ring mail of cold resistance
 m - a +2 pair of gloves
Jewellery
 b - a ring of resist corrosion (left hand)
 j - a ring of see invisible
Scrolls
 c - 2 scrolls of identify
 k - a scroll of enchant weapon {unknown}
 n - a scroll of fear {unknown}
Potions
 e - a potion of might
 f - 3 potions of haste
 i - a potion of cancellation

Dungeon Overview and Level Annotations

Branches:
Dungeon (8/15)             Temple (0/1) D:6            Lair (0/5) D:8

Altars:
Ashenzari
Cheibriados
Gozag
Okawaru

Shops:
D:4 :   D:7 :

Annotations:
D:3 4 runed translucent doors, Crazy Yiuf; qw's ghost, amateur GrHu
D:8 exclusion: 5 centaurs


Message History

The centaur shoots an arrow.
The arrow barely misses you.
The centaur shoots an arrow.
The arrow closely misses you.
6438 ||| UPGRADING to +1 ring mail of cold resistance.
The centaur shoots an arrow.
You stop removing your armour.
The arrow closely misses you.
The centaur shoots an arrow.
The arrow closely misses you.
The centaur shoots an arrow.
The arrow hits you!
The centaur shoots an arrow.
The arrow closely misses you.
The centaur shoots an arrow.
The arrow hits you but does no damage.
6439 ||| DRINKING 3 potions of heal wounds.
You feel much better.
The centaur shoots an arrow.
The arrow barely misses you.
The centaur shoots an arrow.
The arrow hits you!
The centaur shoots an arrow.
The arrow hits you.
The centaur shoots an arrow.
The arrow misses you.
The centaur shoots an arrow.
The arrow hits you.
The centaur shoots an arrow.
The arrow barely misses you.
6440 ||| DRINKING 2 potions of heal wounds.
You feel much better.
The centaur shoots an arrow.
The arrow hits you but does no damage.
The centaur shoots an arrow.
The arrow hits you!
The centaur shoots an arrow.
The arrow hits you but does no damage.
The centaur shoots an arrow.
The arrow hits you!
You hear a shout!
6441 ||| DRINKING potion of heal wounds.
You feel much better.
The centaur shoots an arrow.
The arrow hits you but does no damage.
The centaur shoots an arrow.
The arrow hits you but does no damage.
The centaur shoots an arrow.
The arrow hits you but does no damage.
The centaur shoots an arrow.
The arrow barely misses you.
The centaur shoots an arrow.
The arrow hits you!
The centaur shoots an arrow.
The arrow hits you.
6442 ||| UPGRADING to +1 ring mail of cold resistance.
The centaur shoots an arrow.
You stop removing your armour.
The arrow hits you.
The centaur shoots an arrow.
The arrow barely misses you.
The centaur shoots an arrow.
The arrow hits you.
The centaur shoots an arrow.
The arrow hits you.
The centaur shoots an arrow.
The arrow hits you.
6443 ||| UPGRADING to +1 ring mail of cold resistance.
The centaur shoots an arrow.
You stop removing your armour.
The arrow hits you but does no damage.
The centaur shoots an arrow.
The arrow barely misses you.
The centaur shoots an arrow.
The arrow hits you!
You die...

~~~. ~~~~ ####### ~~~c c..~~~~
#.>.... ~~~c .Dc~~~. #.##### ~~~~
#cc~~~.## #.# ~~~~ #c~~~~..# #.#
~~~~ .~~~~.#.###### ##.## ~~~~
~~~~.....)...####.#.### .~~~
#.............###..# .# ~
####@####.####.#.#.# .# #.# #.#
##.##.## .#### #.####.# #.##.##
.##.. #.##...#####.##.## ###.#
####.#..........##.## # #.#
##...........######.## ###.#####
##.>.#.................
........###.............######.##
.##.###.##............### #.#


You could see an acid dragon and 5 centaurs.

Vanquished Creatures
  A hornet (D:7)
  A wyvern (D:8)
  Menkaure (D:4)
  A water moccasin (D:7)
  An ice beast (D:6)
  2 orc warriors
  A black bear (D:6)
  2 sky beasts
  An ogre (D:6)
  A centaur (D:8)
  3 bullfrogs
  A scorpion (D:6)
  A howler monkey (D:5)
  A gnoll bouda (D:5)
  4 hounds
  A jelly (D:3)
  2 iguanas (D:6)
  Terence (D:3)
  3 sleepcaps
  7 orc wizards
  Robin (D:2)
  14 gnolls
  7 adders
  2 white imps
  3 worms (D:2)
  2 dart slugs
  14 orcs
  9 ball pythons
  7 endoplasms
  4 giant cockroaches
  19 goblins
  6 hobgoblins
  2 jackals (D:1)
  4 kobolds
  A quokka (D:2)
  6 bats
  A frilled lizard (D:3)
  7 rats
145 creatures vanquished.

Vanquished Creatures (others)
  An endoplasm (D:4)
1 creature vanquished.

Grand Total: 146 creatures vanquished

Notes
Turn   | Place    | Note
-------+----------+-------------------------------------------
     0 | D:1      | qw the Gargoyle Hunter began the quest for the Orb.
     0 | D:1      | Reached XP level 1. HP: 12/12 MP: 1/1
     0 | D:1      | 0 ||| qw: Version: 0.3-a-75-g829b12e
     0 | D:1      | 0 ||| qw: Game counter: 189
     0 | D:1      | 0 ||| qw: Melee chars always use a shield: true
     0 | D:1      | 0 ||| qw: God list: Okawaru
     0 | D:1      | 0 ||| qw: Allow faded altars: false
     0 | D:1      | 0 ||| qw: Do Orc after clearing Dungeon:15 true
     0 | D:1      | 0 ||| qw: Do second Lair branch before Depths: true
     0 | D:1      | 0 ||| qw: Lair rune preference: random
     0 | D:1      | 0 ||| qw: Goals: Normal
     0 | D:1      | 0 ||| PLANNING D:1-11
    25 | D:1      | Found a faded altar of an unknown god.
   166 | D:1      | Reached XP level 2. HP: 17/17 MP: 2/2
   558 | D:1      | 558 ||| READING scroll labelled WINTYRENGUA.
   561 | D:1      | 561 ||| DROPPING scroll of butterflies.
   581 | D:2      | HP: 3/17 [frozen (3)]
   583 | D:2      | 583 ||| STAIRDANCE
   672 | D:2      | 672 ||| Stepping ~*~*~tactically~*~*~ (retreating).
   677 | D:2      | Reached skill level 5 in Ranged Weapons
   677 | D:2      | Reached XP level 3. HP: 20/21 MP: 3/3
  1159 | D:2      | Reached skill level 3 in Fighting
  1186 | D:2      | Noticed Robin
  1201 | D:2      | Reached XP level 4. HP: 9/28 MP: 4/4
  1202 | D:2      | HP: 7/28 [goblin/+0 dagger[Robin] (3)]
  1203 | D:2      | 1203 ||| READING scroll of teleportation.
  1205 | D:2      | HP: 3/28 [goblin/+0 dagger[Robin] (1)]
  1319 | D:2      | Killed Robin
  1440 | D:2      | 1440 ||| UPGRADING to +0 helmet.
  1445 | D:2      | 1445 ||| UPGRADING to +0 ring mail.
  1455 | D:2      | 1455 ||| DROPPING +0 leather armour.
  1456 | D:2      | 1456 ||| READING 2 scrolls labelled YGALIMARIO.
  1457 | D:2      | 1457 ||| READING scroll of enchant armour.
  1457 | D:2      | 1457 ||| ENCHANTING +0 helmet.
  1458 | D:2      | 1458 ||| READING 2 scrolls labelled AJARIW YSIH.
  1459 | D:2      | 1459 ||| READING 3 scrolls labelled GEFISOE YCUGA.
  1460 | D:2      | 1460 ||| READING scroll labelled YNEFRO SAOLAN.
  1461 | D:2      | 1461 ||| DRINKING 2 metallic dark potions.
  1462 | D:2      | 1462 ||| DROPPING scroll of vulnerability.
  1463 | D:2      | 1463 ||| DROPPING 2 scrolls of poison.
  1533 | D:3      | Reached skill level 1 in Armour
  1559 | D:3      | 1559 ||| RETREATING.
  1560 | D:3      | 1560 ||| Stepping ~*~*~tactically~*~*~ (retreating).
  1561 | D:3      | 1561 ||| Stepping ~*~*~tactically~*~*~ (retreating).
  1562 | D:3      | 1562 ||| Stepping ~*~*~tactically~*~*~ (retreating).
  1563 | D:3      | 1563 ||| Stepping ~*~*~tactically~*~*~ (retreating).
  1564 | D:3      | 1564 ||| Stepping ~*~*~tactically~*~*~ (retreating).
  1565 | D:3      | 1565 ||| Stepping ~*~*~tactically~*~*~ (retreating).
  1566 | D:3      | 1566 ||| Stepping ~*~*~tactically~*~*~ (retreating).
  1574 | D:3      | Reached XP level 5. HP: 32/32 MP: 5/5
  1592 | D:3      | Reached skill level 6 in Ranged Weapons
  1690 | D:3      | Noticed qw's ghost (amateur GrHu)
  1693 | D:3      | Found a runed translucent gate.
  1693 | D:3      | Found a runed translucent gate.
  1716 | D:3      | Found a runed translucent gate.
  1780 | D:3      | Noticed Terence
  1795 | D:3      | Killed Terence
  1902 | D:3      | Found a runed translucent door.
  1903 | D:3      | Noticed Crazy Yiuf
  2025 | D:3      | 2025 ||| UPGRADING to ring of resist corrosion.
  2026 | D:3      | 2026 ||| DRINKING 3 black potions.
  2043 | D:4      | Noticed an orc warrior
  2044 | D:4      | 2044 ||| STAIRDANCE
  2124 | D:4      | Noticed Menkaure
  2125 | D:4      | 2125 ||| STAIRDANCE
  2132 | D:3      | Reached XP level 6. HP: 38/38 MP: 6/6
  2182 | D:4      | 2182 ||| STAIRDANCE
  2315 | D:4      | 2315 ||| Stepping ~*~*~tactically~*~*~ (retreating).
  2316 | D:4      | 2316 ||| Stepping ~*~*~tactically~*~*~ (retreating).
  2317 | D:4      | 2317 ||| Stepping ~*~*~tactically~*~*~ (retreating).
  2319 | D:4      | 2319 ||| Stepping ~*~*~tactically~*~*~ (retreating).
  2320 | D:4      | 2320 ||| Stepping ~*~*~tactically~*~*~ (retreating).
  2321 | D:4      | HP: 9/38 [gnoll/+0 spear (3)]
  2322 | D:4      | 2322 ||| DRINKING 2 potions of heal wounds.
  2324 | D:4      | Killed an orc warrior
  2329 | D:4      | Killed Menkaure
  2330 | D:4      | Reached skill level 7 in Ranged Weapons
  2334 | D:4      | Reached XP level 7. HP: 18/43 MP: 7/7
  2451 | D:4      | 2451 ||| SWAPPING to +0 orcbow.
  2452 | D:4      | 2452 ||| DROPPING +0 shortbow.
  2698 | D:4      | 2698 ||| Stepping ~*~*~tactically~*~*~ (outnumbered).
  2774 | D:4      | Found Juybog's Self-Improvement Boutique.
  2931 | D:4      | Found an iron altar of Okawaru.
  2932 | D:4      | 2932 ||| PLANNING OKAWARU WORSHIP
  2936 | D:4      | 2936 ||| UPGRADING to +1 pair of gloves.
  2941 | D:4      | 2941 ||| READING scroll labelled OTISHA PABLOED.
  2949 | D:4      | Became a worshipper of Warmaster Okawaru
  2950 | D:4      | 2950 ||| PLANNING D:1-11
  2985 | D:4      | Identified the +10 dagger "Osufi" {vamp, rF+++ rC+ rN+
                  | MP-9}
  3275 | D:5      | Entered Level 5 of the Dungeon
  3679 | D:5      | 3679 ||| Stepping ~*~*~tactically~*~*~ (outnumbered).
  3681 | D:5      | 3681 ||| Stepping ~*~*~tactically~*~*~ (outnumbered).
  3691 | D:5      | Reached skill level 8 in Ranged Weapons
  3698 | D:5      | HP: 6/43 [gnoll/+0 spear[a gnoll bouda] (6)]
  3699 | D:5      | 3699 ||| READING scroll of teleportation.
  3700 | D:5      | 3700 ||| DRINKING 3 potions of heal wounds.
  3728 | D:5      | 3728 ||| FLEEEEING.
  3729 | D:5      | 3729 ||| FLEEEEING.
  3730 | D:5      | 3730 ||| FLEEEEING.
  3734 | D:5      | 3734 ||| FLEEEEING.
  3735 | D:5      | 3735 ||| FLEEEEING.
  3736 | D:5      | 3736 ||| FLEEEEING.
  3737 | D:5      | 3737 ||| FLEEEEING.
  3741 | D:5      | 3741 ||| FLEEEEING.
  3745 | D:5      | 3745 ||| FLEEEEING.
  3746 | D:5      | 3746 ||| FLEEEEING.
  3747 | D:5      | 3747 ||| FLEEEEING.
  3748 | D:5      | 3748 ||| STAIRDANCE
  3769 | D:4      | 3769 ||| READING scroll labelled OZONALA FURO.
  3770 | D:4      | 3770 ||| DRINKING 2 sedimented grey potions.
  3771 | D:4      | 3771 ||| DROPPING potion of degeneration.
  3950 | D:5      | 3950 ||| READING scroll labelled ACLIEM WEGAWNEUDE.
  4121 | D:6      | Reached XP level 8. HP: 44/49 MP: 8/8
  4150 | D:6      | Found a staircase to the Ecumenical Temple.
  4209 | D:6      | 4209 ||| READING scroll of enchant armour.
  4209 | D:6      | 4209 ||| ENCHANTING +1 pair of gloves.
  4237 | D:6      | Reached skill level 9 in Ranged Weapons
  4244 | D:6      | Reached * piety under Okawaru
  4383 | D:6      | Found a broken altar of Ashenzari.
  4384 | D:6      | Found a snail-covered altar of Cheibriados.
  4457 | D:6      | 4457 ||| INVOKING Heroism.
  4592 | D:6      | 4592 ||| INVOKING Heroism.
  4595 | D:6      | Reached skill level 6 in Fighting
  4713 | D:6      | 4713 ||| INVOKING Heroism.
  4779 | D:6      | 4779 ||| DROPPING +6 ring of intelligence.
  4780 | D:6      | 4780 ||| READING scroll labelled XERYDI CEIHIMA.
  4781 | D:6      | 4781 ||| READING 2 scrolls of identify.
  4781 | D:6      | 4781 ||| IDENTIFYING bubbling sapphire potion
  4842 | D:7      | Reached skill level 1 in Invocations
  4872 | D:7      | Noticed a hornet
  4883 | D:7      | 4883 ||| INVOKING Heroism.
  4895 | D:7      | Killed a hornet
  5325 | D:7      | Found Zidybrumn's Vocational Training.
  5342 | D:7      | 5342 ||| INVOKING Heroism.
  5344 | D:7      | Reached skill level 3 in Invocations
  5344 | D:7      | Reached XP level 9. HP: 34/55 MP: 8/11
  5682 | D:7      | 5682 ||| DRINKING 2 coppery potions.
  5683 | D:7      | 5683 ||| READING 2 scrolls of identify.
  5683 | D:7      | 5683 ||| IDENTIFYING glowing yellow potion
  5786 | D:8      | 5786 ||| FLEEEEING.
  5841 | D:8      | Reached skill level 10 in Ranged Weapons
  5893 | D:8      | Found a staircase to the Lair.
  5915 | D:8      | Reached skill level 3 in Armour
  6109 | D:8      | 6109 ||| DRINKING potion of curing.
  6109 | D:8      | 6109 ||| (to cure confusion)
  6110 | D:8      | 6110 ||| Stepping ~*~*~tactically~*~*~ (outnumbered).
  6112 | D:8      | 6112 ||| Stepping ~*~*~tactically~*~*~ (outnumbered).
  6114 | D:8      | 6114 ||| Stepping ~*~*~tactically~*~*~ (outnumbered).
  6138 | D:8      | 6138 ||| INVOKING Heroism.
  6162 | D:8      | Found an opulent altar of Gozag.
  6361 | D:8      | 6361 ||| FLEEEEING.
  6432 | D:8      | 6432 ||| UPGRADING to +1 ring mail of cold resistance.
  6433 | D:8      | 6433 ||| UPGRADING to +1 ring mail of cold resistance.
  6434 | D:8      | 6434 ||| UPGRADING to +1 ring mail of cold resistance.
  6435 | D:8      | 6435 ||| UPGRADING to +1 ring mail of cold resistance.
  6436 | D:8      | 6436 ||| UPGRADING to +1 ring mail of cold resistance.
  6437 | D:8      | 6437 ||| UPGRADING to +1 ring mail of cold resistance.
  6438 | D:8      | 6438 ||| UPGRADING to +1 ring mail of cold resistance.
  6438 | D:8      | HP: 1/57 [centaur/arrow (14)]
  6439 | D:8      | 6439 ||| DRINKING 3 potions of heal wounds.
  6440 | D:8      | 6440 ||| DRINKING 2 potions of heal wounds.
  6441 | D:8      | 6441 ||| DRINKING potion of heal wounds.
  6442 | D:8      | 6442 ||| UPGRADING to +1 ring mail of cold resistance.
  6443 | D:8      | 6443 ||| UPGRADING to +1 ring mail of cold resistance.
  6443 | D:8      | Shot with an arrow by a centaur

Levels and vault maps discovered:
D:1:      spicycebolla_arrival_clurvy, layout_basic,
          shapermc_ecumenical_altar_totnotflames, minmay_misc_feat_tower,
          nicolae_twisty_statue_hallways
D:2:      layout_rooms, serial_aquarium, aquarium_bridge_island_small
          [aquarium_subvault_small_open, aquarium_subvault_window,
          aquarium_subvault_window, aquarium_subvault_bridge,
          aquarium_subvault_bridge], aquarium_window_corner, aquarium_window_2,
          aquarium_window_2, aquarium_view_2b, aquarium_view_2a,
          aquarium_balcony_5b, aquarium_pool_double, minmay_rat_gold_closets,
          uniq_robin
D:3:      layout_rooms, gammafunk_ghost_split, uniq_crazy_yiuf_cottage,
          uniq_terence
D:4:      layout_loops_ring, kennysheep_okawaru_gauntlet,
          nicolae_shop_self_help, uniq_menkaure
D:5:      layout_loops_ring, hangedman_decor_slide_cut
D:6:      black_bear_nest_2, layout_rooms,
          chequers_temple_overflow_statue_of_worship, minmay_temple_entry_ruins
D:7:      layout_layer_cave, nicolae_shop_vocational
D:8:      layout_loops_ring, nicolae_gozag_cash_rules_everything_around_me,
          lair_entry_dummy, centaur_isle

Skill      XL: |  1  2  3  4  5  6  7  8  9 |
---------------+----------------------------+-----
Ranged Weapons | 5 6 7 8 9 10 | 10.0
Fighting       | 3 4 5 6 7 |  7.1
Armour         | 1 2 3 |  3.0
Dodging        | 2 |  2.0
Invocations    | 3 4 |  4.3
Stealth        | |  1.1

Action                     |  1- 3 |  4- 6 |  7- 9 || total
---------------------------+-------+-------+-------++-------
   Fire: Shortbow          |   113 |   161 |       ||   274
         Orcbow            |       |       |   406 ||   406
 Invoke: Heroism           |       |       |     6 ||     6
    Use: Scroll            |     1 |     6 |     8 ||    15
         Potion            |       |     3 |     7 ||    10
 Armour: Leather armour    |    42 |     8 |       ||    50
         Ring mail         |       |    99 |   257 ||   356
  Dodge: Dodged            |    22 |    52 |   139 ||   213

Table legend:
 A = Non-vault XP
 B = Vault XP
 C = Vault XP percentage of total XP
 D = Non-vault monster count
 E = Vault monster count
 F = Vault count percentage of total count
                 A         B        C        D         E       F
            +---------+---------+-------+---------+---------+-------
      Total |    2924 |     363 |  11.0 |     124 |      21 |  14.5
            +---------+---------+-------+---------+---------+-------
        D:1 |      22 |       0 |   0.0 |      12 |       0 |   0.0
        D:2 |      65 |      38 |  36.9 |      19 |      16 |  45.7
        D:3 |     243 |      38 |  13.5 |      24 |       1 |   4.0
        D:4 |     237 |     161 |  40.5 |      25 |       3 |  10.7
        D:5 |     232 |       0 |   0.0 |      11 |       0 |   0.0
        D:6 |     775 |     126 |  14.0 |      16 |       1 |   5.9
        D:7 |     533 |       0 |   0.0 |       4 |       0 |   0.0
        D:8 |     817 |       0 |   0.0 |      13 |       0 |   0.0
            +---------+---------+-------+---------+---------+-------
